AoeStats
← JRazzz

Nomad

505250866Analyzed
3v3 RM · 24d ago on Sep 8, 2026· 57m 0s· 6 players
Game mode
Random Map
Map size
210×210
Population
200
Speed
Normal
Resources
Standard
Victory
Conquest
Starting age
Dark Age
Ending age
Imperial Age
RankedLock teamsTeams togetherTeam positionsShared explorationLock speedFull tech treeHidden civsTurbo modeCheats
Victory
Defeat
🇻🇳 Portuguese · Vietnam
1451
+13
🇹🇷 Goths · Türkiye
1410
+14
🇬🇧 Mapuche · United Kingdom
1287
+20
🇮🇳 Franks · India
1435
-18
🇮🇳 Poles · India
1426
-18
🇩🇪 Sicilians · Germany
1263
-11
BombayGypsy
10:07 Loom
12:31 Feudal Age
14:16 Double-Bit Axe
16:04 Horse Collar
18:20 Fishing Lines
26:05 Castle Age
25:45 Scale Barding Armor
26:11 Forging
27:09 Bloodlines
30:16 Chain Barding Armor
31:42 Wheelbarrow
33:52 Iron Casting
35:05 Hand Cart
41:18 Town Watch
45:08 Imperial Age
47:04 Bow Saw
48:54 Coinage
48:44 Gold Mining
48:59 Heavy Plow
52:20 Stone Mining
53:06 Fletching
Lucky23
7:47 Loom
13:50 Feudal Age
18:05 Castle Age
19:12 Double-Bit Axe
22:01 Bow Saw
21:48 Fishing Lines
25:18 Ballistics
25:37 Wheelbarrow
25:26 Fletching
32:31 Imperial Age
30:58 Scale Mail Armor
31:09 Forging
31:44 #83
34:20 Chemistry
33:48 Conscription
34:49 Elite Throwing Axeman
38:10 Scale Barding Armor
38:21 Chain Mail Armor
38:13 Scale Barding Armor
38:44 Iron Casting
39:04 Cavalier
39:45 Husbandry
40:38 Chain Barding Armor
40:49 Plate Mail Armor
40:14 Heavy Scorpion
42:26 Blast Furnace
43:19 Plate Barding Armor
42:54 Light Cavalry
46:22 Blast Furnace
Gaflo
7:08 Loom
13:24 Feudal Age
13:50 Double-Bit Axe
14:01 Gold Mining
15:25 Town Watch
16:19 Wheelbarrow
20:17 Castle Age
18:24 Fishing Lines
21:08 Medium Warships
23:28 Bow Saw
23:57 Fletching
24:58 Bodkin Arrow
25:22 Padded Archer Armor
25:45 Ballistics
25:32 Elite Skirmisher
27:21 Stone Mining
28:43 Horse Collar
31:17 Stone Shaft Mining
33:45 Scale Mail Armor
34:50 Forging
35:08 Heavy Plow
39:33 Imperial Age
38:55 Chain Mail Armor
38:54 Squires
38:40 Arson
40:30 Iron Casting
40:13 Leather Archer Armor
40:20 Bracer
41:22 Chemistry
41:42 Plate Mail Armor
42:29 Iron Casting
42:16 Masonry
42:35 Conscription
42:53 Hoardings
45:25 Blast Furnace
44:23 Murder Holes
45:22 Crossbowman
47:09 Hoardings
50:40 Hand Cart
49:50 Elite Serjeant
50:22 Pikeman
JRazzz
5:25 Loom
13:51 Feudal Age
14:36 Horse Collar
14:44 Double-Bit Axe
15:03 Town Watch
17:41 Castle Age
15:59 Fishing Lines
18:02 Fletching
19:32 Bodkin Arrow
19:58 Bow Saw
21:55 Horse Collar
25:01 Wheelbarrow
26:26 Gold Mining
26:37 Heavy Plow
26:58 Hand Cart
28:44 Town Watch
30:05 Forging
31:10 Gold Shaft Mining
30:25 Stone Mining
30:38 Stone Mining
34:51 Imperial Age
32:52 Padded Archer Armor
34:33 Malon
35:06 Capped Ram
36:24 Conscription
35:34 Elite Bolas Rider
36:42 Leather Archer Armor
36:55 Ballistics
40:42 Elite Kona
42:01 Iron Casting
43:30 Butalmapu
47:13 Blast Furnace
46:43 Ring Archer Armor
Tw Roti
5:06 Loom
13:14 Feudal Age
13:44 Double-Bit Axe
18:34 Castle Age
19:30 Medium Warships
28:26 Imperial Age
27:39 Forging
28:15 Gold Mining
28:29 Fishing Lines
29:28 Perfusion
29:53 Pikeman
31:12 Anarchy
35:47 Halberdier
37:03 Bow Saw
8co
5:02 Loom
13:48 Feudal Age
15:38 Forging
16:57 Double-Bit Axe
19:18 Gold Mining
21:02 Fletching
25:48 Castle Age
24:30 Stone Mining
24:29 Horse Collar
26:42 Medium Warships
26:14 Fishing Lines
27:15 Bow Saw
27:42 Wheelbarrow
27:07 Bodkin Arrow
28:41 Heavy Plow
30:16 Gillnets
33:26 Town Watch
36:57 Imperial Age
35:24 Padded Archer Armor
36:59 Ballistics
38:07 Conscription
38:29 Elite Organ Gun
40:35 Arquebus
41:47 Leather Archer Armor
42:54 Husbandry
43:05 Bloodlines
42:34 Light Cavalry
45:47 Chemistry
49:11 Siege Engineers
49:16 Masonry
50:00 Iron Casting
49:58 Ring Archer Armor
49:26 Murder Holes
51:13 Two-Man Saw
50:46 Crop Rotation
50:52 Stone Shaft Mining
50:24 Scale Barding Armor
50:55 Iron Casting
54:43 Circumnavigation
54:41 Bodkin Arrow
Connection lost

Rejoining the realm…

Still unreachable

The connection could not be restored.

Session expired

The server has moved on; the page needs a fresh start.